[Event "LJ Slovak Open 2022"]
[Site "Liptovsky Jan"]
[Date "2022.06.23"]
[Round "1.1"]
[White "Sokolovsky, Jakub"]
[Black "Manik, Mikulas"]
[Result "0-1"]
[ECO "B94"]
[WhiteElo "1613"]
[BlackElo "2368"]
[Annotator "RC"]
[PlyCount "70"]
[EventDate "2022.06.23"]
[EventType "swiss"]
[EventCountry "SVK"]
[SourceTitle "playchess.com"]
[Source "ChessBase"]
[SourceQuality "1"]
[TimeControl "3600+30"]

1. e4 c5 2. Nf3 d6 3. d4 cxd4 4. Nxd4 Nf6 5. Nc3 a6 6. Bg5 Nbd7 7. f4 Qc7 8. Qf3 h6 9. Bxf6 Nxf6 10. f5 Qc5 11. Qd3 e5 12. fxe6 fxe6 13. h3 Be7 14. O-O-O O-O 15. Qc4 d5 16. Qxc5 Bxc5 17. exd5 exd5 18. Be2 Ne4 19. Nxe4 dxe4 20. Bc4+ Kh8 21. Rhe1 Re8 22. Bd5 e3 23. Bf3 Rb8 24. c3 Be7 25. Kc2 Bh4 26. Re2 Bf2 27. Bh5 Re5 28. g4 Bd7 29. Rf1 Kh7 30. Rexf2 exf2 31. Rxf2 Be8 32. Bxe8 Rbxe8 33. Kb3 Re3 34. h4 R8e4 35. Rf7 Rxd4 0-1

[Event "LJ Slovak Open 2022"]
[Site "Liptovsky Jan"]
[Date "2022.06.23"]
[Round "1.2"]
[White "Jablonicky, Martin"]
[Black "Magda, Filip"]
[Result "1-0"]
[ECO "B57"]
[WhiteElo "2377"]
[BlackElo "1624"]
[Annotator "RC"]
[PlyCount "49"]
[EventDate "2022.06.23"]
[EventType "swiss"]
[EventCountry "SVK"]
[SourceTitle "playchess.com"]
[Source "ChessBase"]
[SourceQuality "1"]
[TimeControl "3600+30"]

1. e4 c5 2. Nf3 Nc6 3. d4 cxd4 4. Nxd4 Nf6 5. Nc3 d6 6. Bc4 g6 7. Nxc6 bxc6 8. e5 Ng4 9. e6 Ne5 10. exf7+ Nxf7 11. Bxf7+ Kxf7 12. Qf3+ Kg8 13. Qxc6 Bf5 14. O-O Bxc2 15. Qc4+ Kg7 16. Be3 e5 17. Rac1 Bf5 18. Nd5 Be6 19. Qc7+ Kg8 20. Qxd8 Rxd8 21. Bg5 Rb8 22. Nf6+ Kg7 23. Rc7+ Bf7 24. Nd7 Ra8 25. Bf6+ 1-0

[Event "LJ Slovak Open 2022"]
[Site "Liptovsky Jan"]
[Date "2022.06.23"]
[Round "1.3"]
[White "Lis, Maksymilian"]
[Black "Karas, Marek"]
[Result "0-1"]
[ECO "D03"]
[WhiteElo "1511"]
[BlackElo "2292"]
[Annotator "TA"]
[PlyCount "44"]
[EventDate "2022.06.23"]
[EventType "swiss"]
[EventCountry "SVK"]
[SourceTitle "playchess.com"]
[Source "ChessBase"]
[SourceQuality "1"]
[TimeControl "3600+30"]

1. d4 Nf6 2. Bg5 d5 3. Nf3 c5 4. Bxf6 gxf6 5. c4 cxd4 {[%emt 0:01:47] [#]} (5... dxc4 $11 {is superior.} 6. e3 cxd4) 6. Qxd4 $146 {[%emt 0:01:56] D03: 1 d4 d5 2 Nf3 Nf6 3 Bg5, including Torre Attack with early ...d5.} ({Predecessor:} 6. cxd5 Qxd5 7. Nc3 Qd8 8. Nxd4 f5 9. e3 e6 10. Bb5+ Nd7 11. Qh5 Qf6 12. O-O-O {0-1 (53) Manolache,M (2506)-Ghimpu,S (2414) Baia Mare 2021}) 6... Nc6 7. Qxd5 Qxd5 8. cxd5 {[%emt 0:00:05] The position is equal.} Nb4 {[%emt 0:00:07] [#] Hoping for ...Nc2+.} 9. Na3 {[%emt 0:00:05] Against Nc2+} Bd7 {[%emt 0:04:34] Inhibits Nb5.} 10. e4 f5 11. e5 Nxd5 12. Nb5 a6 13. O-O-O axb5 $17 14. Rxd5 e6 15. Rd1 Rxa2 ({Better is} 15... Bg7 16. Kb1 Bc6) 16. Kb1 Ra5 17. Nd4 b4 18. f4 Rg8 19. g3 h5 20. Bg2 Be7 21. Bxb7 Bd8 22. Nc6 {[%emt 0:01:53] [#] Threatens to win with Nb8.} h4 $2 {[%emt 0:01:08][%mdl 40960] Weighted Error Value: White=0.10 (very precise) /Black=0.12 (very precise) . Loss on time!?} (22... Rc5 $1 $14 23. Nxd8 (23. Nxb4 Rc4 $11) 23... Kxd8) 0-1

[Event "LJ Slovak Open 2022"]
[Site "Liptovsky Jan"]
[Date "2022.06.23"]
[Round "1.4"]
[White "Zetocha, Adrian"]
[Black "Subjakova, Kristina"]
[Result "1-0"]
[ECO "E61"]
[WhiteElo "2331"]
[BlackElo "1623"]
[Annotator "RC"]
[PlyCount "69"]
[EventDate "2022.06.23"]
[EventType "swiss"]
[EventCountry "SVK"]
[SourceTitle "playchess.com"]
[Source "ChessBase"]
[SourceQuality "1"]
[TimeControl "3600+30"]

1. d4 Nf6 2. c4 g6 3. Nc3 Bg7 4. Nf3 d6 5. Bg5 O-O 6. e3 h6 7. Bh4 g5 8. Bg3 Bf5 9. Bd3 Bg6 10. Bxg6 fxg6 11. Qb3 b6 12. d5 Nbd7 13. Nd4 Nc5 14. Qc2 Qe8 15. b4 Na6 16. Rb1 Nh5 17. Ne6 Rf5 18. e4 Nxg3 19. hxg3 Rf6 20. Nb5 Qc8 21. Nbd4 c5 22. Nxg7 Kxg7 23. Ne6+ Rxe6 24. dxe6 Nxb4 25. Qc3+ Kh7 26. Rxh6+ Kxh6 27. Ke2 g4 28. Rh1+ Kg5 29. f4+ gxf3+ 30. gxf3 Qf8 31. f4+ Qxf4 32. gxf4+ Kxf4 33. Rf1+ Kg5 34. Qg3+ Kh6 35. Qh4+ 1-0

[Event "LJ Slovak Open 2022"]
[Site "Liptovsky Jan"]
[Date "2022.06.23"]
[Round "1.5"]
[White "Kolibik, Jan"]
[Black "Rucek, Kristian"]
[Result "0-1"]
[ECO "D45"]
[WhiteElo "1621"]
[BlackElo "2128"]
[Annotator "NA RC"]
[PlyCount "38"]
[EventDate "2022.06.23"]
[EventType "swiss"]
[EventCountry "SVK"]
[SourceTitle "playchess.com"]
[Source "ChessBase"]
[SourceQuality "1"]
[TimeControl "3600+30"]

1. c4 c6 2. Nf3 d5 3. e3 Nf6 4. Nc3 e6 5. a3 Nbd7 6. d4 Bd6 7. cxd5 exd5 8. Bd3 O-O 9. O-O Re8 10. b4 Ne4 11. Bxe4 dxe4 12. Nd2 Nf6 13. h3 Bc7 14. Bb2 Qd6 15. g3 Bxh3 16. Re1 h5 17. Nc4 Qe6 18. Qb3 h4 19. Nd2 Qg4 0-1

[Event "LJ Slovak Open 2022"]
[Site "Liptovsky Jan"]
[Date "2022.06.23"]
[Round "1.6"]
[White "Holly, Andrej"]
[Black "Sekova, Olivia"]
[Result "1-0"]
[ECO "A05"]
[WhiteElo "2214"]
[BlackElo "1708"]
[Annotator "NA RC"]
[PlyCount "67"]
[EventDate "2022.06.23"]
[EventType "swiss"]
[EventCountry "SVK"]
[SourceTitle "playchess.com"]
[Source "ChessBase"]
[SourceQuality "1"]
[TimeControl "3600+30"]

1. e4 c5 2. Nf3 Nc6 3. d3 g6 4. g3 Bg7 5. Bg2 d6 6. O-O Nf6 7. Nbd2 O-O 8. a4 Bd7 9. Nc4 Qc8 10. Re1 Bg4 11. c3 Re8 12. Qc2 Nd7 13. Nfd2 Nde5 14. f4 Nxc4 15. Nxc4 Qd7 16. Ne3 a6 17. f5 Ne5 18. Rf1 Bh5 19. h3 gxf5 20. exf5 f6 21. Nd5 Qd8 22. Nf4 Bf7 23. Bxb7 Ra7 24. Bd5 Bxd5 25. Nxd5 Qa8 26. c4 Nc6 27. Be3 Rb7 28. Qd2 Nb4 29. Nf4 Bh6 30. Ne6 Bxe3+ 31. Qxe3 Kh8 32. Rf4 Nc2 33. Qe2 Nxa1 34. Rh4 1-0

[Event "LJ Slovak Open 2022"]
[Site "Liptovsky Jan"]
[Date "2022.06.23"]
[Round "1.7"]
[White "Kaminsky, Ladislav"]
[Black "Borsos, Bogdan"]
[Result "0-1"]
[ECO "D02"]
[WhiteElo "1615"]
[BlackElo "2200"]
[Annotator "RC"]
[PlyCount "36"]
[EventDate "2022.06.23"]
[EventType "swiss"]
[EventCountry "SVK"]
[SourceTitle "playchess.com"]
[Source "ChessBase"]
[SourceQuality "1"]
[TimeControl "3600+30"]

1. Nf3 d5 2. d4 c5 3. c3 e6 4. Bf4 Nc6 5. e3 Nf6 6. Bd3 Bd6 7. Ne5 Qc7 8. Bb5 O-O 9. Bxc6 bxc6 10. Nd2 Rb8 11. Qc2 Ba6 12. Ndf3 cxd4 13. exd4 Ne4 14. Be3 c5 15. O-O-O Rfc8 16. Ng4 Qa5 17. a3 cxd4 18. Bxd4 Bxa3 0-1

[Event "LJ Slovak Open 2022"]
[Site "Liptovsky Jan"]
[Date "2022.06.23"]
[Round "1.8"]
[White "Varga, Lukas"]
[Black "Marcek, Jan"]
[Result "1-0"]
[ECO "C01"]
[WhiteElo "2136"]
[BlackElo "1588"]
[Annotator "NA RC"]
[PlyCount "75"]
[EventDate "2022.06.23"]
[EventType "swiss"]
[EventCountry "SVK"]
[SourceTitle "playchess.com"]
[Source "ChessBase"]
[SourceQuality "1"]
[TimeControl "3600+30"]

1. e4 e6 2. d4 d6 3. Nc3 a6 4. Bd3 Be7 5. Qg4 g6 6. e5 Nc6 7. Nf3 Nb4 8. O-O Nxd3 9. cxd3 d5 10. Bg5 h6 11. Bxe7 Nxe7 12. Nd1 Nf5 13. Ne3 h5 14. Qf4 c6 15. a3 Qe7 16. Rac1 Bd7 17. Nxf5 exf5 18. h4 Be6 19. Qd2 Qd7 20. Rc3 Qe7 21. Rb3 Rb8 22. Rc1 Qd7 23. Rb6 Qc7 24. Qb4 Bd7 25. a4 Rf8 26. a5 f6 27. e6 Bc8 28. Rcxc6 Qe7 29. Qxe7+ Kxe7 30. Rc7+ Ke8 31. Rd6 Rg8 32. e7 Kf7 33. Rxd5 Be6 34. Rd8 Re8 35. d5 Bxd5 36. Rxd5 Rxe7 37. Rc4 b5 38. Rc6 1-0

[Event "LJ Slovak Open 2022"]
[Site "Liptovsky Jan"]
[Date "2022.06.23"]
[Round "1.9"]
[White "Carnecka, Stella"]
[Black "Skreko, Igor"]
[Result "0-1"]
[ECO "B92"]
[WhiteElo "1648"]
[BlackElo "2065"]
[Annotator "NA RC"]
[PlyCount "54"]
[EventDate "2022.06.23"]
[EventType "swiss"]
[EventCountry "SVK"]
[SourceTitle "playchess.com"]
[Source "ChessBase"]
[SourceQuality "1"]
[TimeControl "3600+30"]

1. e4 c5 2. Nf3 d6 3. d4 cxd4 4. Nxd4 Nf6 5. Nc3 a6 6. Be2 e5 7. Nf3 h6 8. h3 Be6 9. Be3 Nbd7 10. Nh2 b5 11. a3 Be7 12. Ng4 Rc8 13. Nxf6+ Nxf6 14. O-O O-O 15. f4 exf4 16. Bxf4 Nd7 17. Bxd6 Qb6+ 18. Kh1 Qxd6 19. Qe1 Qe5 20. g3 Bxh3 21. Rg1 Bc5 22. g4 Bxg1 23. Qxg1 Nf6 24. Re1 Nxe4 25. Nxe4 Qxe4+ 26. Kh2 Rxc2 27. Kxh3 Rxe2 0-1

[Event "LJ Slovak Open 2022"]
[Site "Liptovsky Jan"]
[Date "2022.06.23"]
[Round "1.10"]
[White "Kasperek, Ryszard"]
[Black "Mazak, Ryan"]
[Result "1-0"]
[ECO "B01"]
[WhiteElo "2068"]
[BlackElo "1575"]
[Annotator "NA RC"]
[PlyCount "39"]
[EventDate "2022.06.23"]
[EventType "swiss"]
[EventCountry "SVK"]
[SourceTitle "playchess.com"]
[Source "ChessBase"]
[SourceQuality "1"]
[TimeControl "3600+30"]

1. e4 d5 2. exd5 Nf6 3. d4 Bg4 4. f3 Bf5 5. Bb5+ Bd7 6. Bxd7+ Qxd7 7. c4 b5 8. cxb5 Nxd5 9. Qb3 e6 10. Ne2 Bb4+ 11. Nbc3 Qxb5 12. O-O Nxc3 13. bxc3 Qxe2 14. Qxb4 Qa6 15. Ba3 Nc6 16. Qc5 Rd8 17. Rfe1 Qb6 18. Qg5 Rg8 19. Qh5 g6 20. Kh1 1-0

[Event "LJ Slovak Open 2022"]
[Site "Liptovsky Jan"]
[Date "2022.06.23"]
[Round "1.11"]
[White "Mikula, Maciej"]
[Black "Bombek, Peter"]
[Result "0-1"]
[ECO "C00"]
[WhiteElo "1567"]
[BlackElo "2111"]
[Annotator "NA RC"]
[PlyCount "178"]
[EventDate "2022.06.23"]
[EventType "swiss"]
[EventCountry "SVK"]
[SourceTitle "playchess.com"]
[Source "ChessBase"]
[SourceQuality "1"]
[TimeControl "3600+30"]

1. e4 e6 2. Nf3 d5 3. e5 c5 4. b4 b6 5. bxc5 bxc5 6. c3 Nc6 7. d4 Qa5 8. Bd2 cxd4 9. cxd4 Bb4 10. Bd3 Nge7 11. O-O Ba6 12. Bxa6 Qxa6 13. Bxb4 Nxb4 14. a3 O-O 15. Nc3 Nbc6 16. a4 Rac8 17. Nb5 Na5 18. Nd2 Nc4 19. Nb3 Nc6 20. Nc5 Qa5 21. Qg4 N6xe5 22. Qg3 a6 23. Nd6 Nxd6 24. Qxe5 Nc4 25. Qg5 Rc7 26. Qg4 Ra7 27. Rfb1 h6 28. h3 Qd2 29. Rd1 Qg5 30. Qxg5 hxg5 31. Rab1 g6 32. Rb4 Rc8 33. Rdb1 a5 34. Rb7 Rxb7 35. Rxb7 e5 36. Nb3 exd4 37. Nxd4 Nd6 38. Rd7 Rc1+ 39. Kh2 Rd1 40. Nc6 Ne4 41. Rxd5 Rxd5 42. Ne7+ Kg7 43. Nxd5 Nxf2 44. Ne3 Ne4 45. Nc4 Nc5 46. Kg3 f5 47. Nxa5 Nxa4 48. Nc4 Nc3 49. Kf3 Kf6 50. g4 Nb5 51. Nb6 Ke6 52. Ke3 Nc3 53. Nc4 Nd5+ 54. Kf3 Nf6 55. Ne3 Ne4 56. Nc2 Nd2+ 57. Ke3 Nc4+ 58. Kf3 Ke5 59. Nb4 Na5 60. Nd3+ Kd4 61. gxf5 gxf5 62. Nf4 Ke5 63. Nd3+ Kd5 64. Nb4+ Kd4 65. Nc2+ Ke5 66. Ne3 Nc6 67. Nc4+ Kd4 68. Nd6 Ne5+ 69. Kf2 Nd3+ 70. Kf3 Ne5+ 71. Kf2 f4 72. Nf5+ Ke4 73. Nd6+ Kd5 74. Nf5 Ke6 75. Nd4+ Kf6 76. Kg2 Kg6 77. Ne6 Nd3 78. Kf3 Kf5 79. Nd4+ Kg6 80. h4 gxh4 81. Kg4 Kf6 82. Nf3 h3 83. Kxh3 Kf5 84. Nd2 Ne1 85. Kh2 Kg4 86. Kg1 Nf3+ 87. Nxf3 Kxf3 88. Kf1 Ke3 89. Ke1 f3 0-1

[Event "LJ Slovak Open 2022"]
[Site "Liptovsky Jan"]
[Date "2022.06.23"]
[Round "1.12"]
[White "Janousek, Petr"]
[Black "Bohacek, Ludovit"]
[Result "1-0"]
[ECO "C73"]
[WhiteElo "2099"]
[BlackElo "1594"]
[Annotator "NA RC"]
[PlyCount "109"]
[EventDate "2022.06.23"]
[EventType "swiss"]
[EventCountry "SVK"]
[SourceTitle "playchess.com"]
[Source "ChessBase"]
[SourceQuality "1"]
[TimeControl "3600+30"]

1. e4 e5 2. Nf3 Nc6 3. Bb5 a6 4. Ba4 d6 5. Bxc6+ bxc6 6. d4 Qe7 7. dxe5 dxe5 8. O-O Bg4 9. Nbd2 Nf6 10. h3 Bc8 11. Nc4 Nd7 12. Qe1 Qc5 13. b3 f6 14. Be3 Qb4 15. Bd2 Qe7 16. Qe2 Nb6 17. Ne3 g6 18. Rfd1 Bg7 19. Ne1 f5 20. f3 h5 21. Nc4 f4 22. Nd3 Nxc4 23. bxc4 Qg5 24. Nf2 O-O 25. Rab1 Rf7 26. Ba5 Bf8 27. Bb4 c5 28. Ba5 Bd6 29. Be1 Rf8 30. Qd2 Be6 31. Qc3 Rab8 32. Kh1 Rb4 33. Rxb4 cxb4 34. Qd3 Be7 35. Qe2 c5 36. c3 a5 37. cxb4 axb4 38. Qc2 Ra8 39. Nd3 Ra3 40. Rb1 Qf6 41. Rb3 Bd6 42. Rxa3 bxa3 43. Qc3 Qf7 44. Qxa3 Bxc4 45. Nxc5 Bxa2 46. Bf2 Qc4 47. Kh2 Qe2 48. Qa8+ Kh7 49. Qa7+ Kh6 50. Nd7 Bg8 51. Nf6 Qa2 52. Qd7 Qe6 53. Nxg8+ Qxg8 54. Qxd6 Qg7 55. Be1 1-0

[Event "LJ Slovak Open 2022"]
[Site "Liptovsky Jan"]
[Date "2022.06.23"]
[Round "1.13"]
[White "Dicer, Juraj"]
[Black "Hurtuk, Radovan"]
[Result "0-1"]
[ECO "D85"]
[WhiteElo "1562"]
[BlackElo "2057"]
[Annotator "NA RC"]
[PlyCount "46"]
[EventDate "2022.06.23"]
[EventType "swiss"]
[EventCountry "SVK"]
[SourceTitle "playchess.com"]
[Source "ChessBase"]
[SourceQuality "1"]
[TimeControl "3600+30"]

1. d4 Nf6 2. c4 g6 3. Nc3 d5 4. cxd5 Nxd5 5. e4 Nxc3 6. bxc3 Bg7 7. Nf3 c5 8. Bb5+ Nc6 9. Be3 O-O 10. O-O Bg4 11. Be2 Bxf3 12. Bxf3 cxd4 13. cxd4 Nxd4 14. Rb1 Nxf3+ 15. Qxf3 b6 16. Rfd1 Qc8 17. Rbc1 Qb7 18. Qg4 Rfd8 19. Rxd8+ Rxd8 20. h4 h5 21. Qg5 Qxe4 22. Rc7 Rd1+ 23. Kh2 Be5+ 0-1

[Event "LJ Slovak Open 2022"]
[Site "Liptovsky Jan"]
[Date "2022.06.23"]
[Round "1.14"]
[White "Ihnat, Marek"]
[Black "Skutil, Frantisek Elias"]
[Result "1-0"]
[ECO "B62"]
[WhiteElo "2045"]
[BlackElo "1552"]
[Annotator "NA RC"]
[PlyCount "79"]
[EventDate "2022.06.23"]
[EventType "swiss"]
[EventCountry "SVK"]
[SourceTitle "playchess.com"]
[Source "ChessBase"]
[SourceQuality "1"]
[TimeControl "3600+30"]

1. e4 c5 2. Nf3 d6 3. d4 cxd4 4. Nxd4 Nc6 5. Nc3 Nf6 6. Bg5 e6 7. Qd3 Be7 8. O-O-O d5 9. exd5 Nxd5 10. Bxe7 Ncxe7 11. Ne4 Qc7 12. Kb1 Bd7 13. Nb5 Bxb5 14. Qxb5+ Nc6 15. c4 Nf6 16. Nd6+ Kf8 17. Be2 Nd8 18. Bf3 Rb8 19. Rd2 Qb6 20. Rhd1 Qxb5 21. Nxb5 Ke7 22. Nxa7 e5 23. b3 e4 24. Re2 Ra8 25. Nb5 Kf8 26. Bxe4 Ng4 27. h3 Nf6 28. Bf3 Rb8 29. Kb2 Ne6 30. g3 Ke7 31. Nd4 Rhe8 32. Nxe6 fxe6 33. Kc3 Kf7 34. Red2 e5 35. Bd5+ Ke7 36. Re2 Nxd5+ 37. Rxd5 Kf6 38. b4 Ra8 39. Kb3 Ra7 40. a4 1-0

[Event "LJ Slovak Open 2022"]
[Site "Liptovsky Jan"]
[Date "2022.06.23"]
[Round "1.15"]
[White "Straka, Simon"]
[Black "Macka, Oto"]
[Result "0-1"]
[ECO "A85"]
[WhiteElo "1523"]
[BlackElo "2026"]
[Annotator "NA RC"]
[PlyCount "42"]
[EventDate "2022.06.23"]
[EventType "swiss"]
[EventCountry "SVK"]
[SourceTitle "playchess.com"]
[Source "ChessBase"]
[SourceQuality "1"]
[TimeControl "3600+30"]

1. d4 f5 2. c4 Nf6 3. Nf3 g6 4. Nc3 Bg7 5. Qc2 O-O 6. g3 d6 7. Bg2 Qe8 8. b3 e5 9. dxe5 dxe5 10. Ng5 c6 11. Ba3 h6 12. Bxf8 Bxf8 13. Nf3 Bd6 14. Rd1 Bc7 15. e4 f4 16. gxf4 exf4 17. Nd4 Nbd7 18. O-O Ne5 19. Kh1 g5 20. Nf5 Qh5 21. h3 g4 0-1

[Event "LJ Slovak Open 2022"]
[Site "Liptovsky Jan"]
[Date "2022.06.23"]
[Round "1.16"]
[White "Chlpek, Daniel"]
[Black "Freibergs, Andrejs"]
[Result "1/2-1/2"]
[ECO "E65"]
[WhiteElo "2030"]
[BlackElo "1526"]
[Annotator "NA RC"]
[PlyCount "90"]
[EventDate "2022.06.23"]
[EventType "swiss"]
[EventCountry "SVK"]
[SourceTitle "playchess.com"]
[Source "ChessBase"]
[SourceQuality "1"]
[TimeControl "3600+30"]

1. c4 Nf6 2. Nc3 g6 3. g3 Bg7 4. Bg2 O-O 5. Nf3 c5 6. O-O d6 7. d4 cxd4 8. Nxd4 a6 9. b3 Qc7 10. Bb2 Nc6 11. Nc2 Bd7 12. Ne3 Qd8 13. Qd2 Rb8 14. Rac1 Ne8 15. Ncd5 e5 16. Rfd1 f5 17. Nc2 f4 18. c5 Bh6 19. cxd6 Nf6 20. Ne7+ Kg7 21. e3 Bg4 22. Nxc6 bxc6 23. Re1 f3 24. Bf1 Re8 25. d7 Re7 26. Qc3 Qxd7 27. Ba3 Ree8 28. Nb4 Nd5 29. Nxd5 cxd5 30. Qc7 Rb7 31. Qxd7+ Rxd7 32. Bb2 d4 33. Rcd1 dxe3 34. Rxd7+ Bxd7 35. fxe3 Kf7 36. Kf2 e4 37. Rc1 Bb5 38. Bc4+ Bxc4 39. Rxc4 Re7 40. b4 Bg7 41. Bxg7 Kxg7 42. a4 Kf6 43. b5 axb5 44. axb5 Ke5 45. b6 Rb7 1/2-1/2

[Event "LJ Slovak Open 2022"]
[Site "Liptovsky Jan"]
[Date "2022.06.23"]
[Round "1.17"]
[White "Gay, Lukas"]
[Black "Stric, Dusan"]
[Result "0-1"]
[ECO "B06"]
[WhiteElo "1480"]
[BlackElo "2021"]
[Annotator "NA RC"]
[PlyCount "54"]
[EventDate "2022.06.23"]
[EventType "swiss"]
[EventCountry "SVK"]
[SourceTitle "playchess.com"]
[Source "ChessBase"]
[SourceQuality "1"]
[TimeControl "3600+30"]

1. d4 g6 2. e4 Bg7 3. Nf3 d6 4. Nc3 Nd7 5. Be3 e5 6. dxe5 Nxe5 7. Nxe5 Bxe5 8. f4 Bg7 9. Bd4 f6 10. Bc4 Nh6 11. Qd2 Nf7 12. O-O-O O-O 13. h3 a6 14. g4 b5 15. Bxf7+ Rxf7 16. f5 Bb7 17. Rde1 d5 18. fxg6 hxg6 19. exd5 Bxd5 20. Rh2 Bb7 21. Qf4 Qf8 22. Kb1 Rd8 23. Qe3 Qd6 24. Rhe2 Qxd4 25. Qc1 Qc5 26. Ne4 Bxe4 27. Rxe4 Qg5 0-1

[Event "LJ Slovak Open 2022"]
[Site "Liptovsky Jan"]
[Date "2022.06.23"]
[Round "1.18"]
[White "Ambrozi, Peter"]
[Black "Koren, Juraj"]
[Result "0-1"]
[ECO "D79"]
[WhiteElo "1994"]
[BlackElo "1506"]
[Annotator "NA RC"]
[PlyCount "97"]
[EventDate "2022.06.23"]
[EventType "swiss"]
[EventCountry "SVK"]
[SourceTitle "playchess.com"]
[Source "ChessBase"]
[SourceQuality "1"]
[TimeControl "3600+30"]

1. Nf3 d5 2. d4 g6 3. c4 c6 4. cxd5 cxd5 5. Nc3 Bg7 6. g3 Nf6 7. Bg2 O-O 8. O-O Nc6 9. Ne5 e6 10. Bf4 Nh5 11. Nxc6 bxc6 12. Be3 Nf6 13. Na4 Nd7 14. Rc1 Bb7 15. Qb3 Rb8 16. Bf4 e5 17. dxe5 Bxe5 18. Bxe5 Nxe5 19. Qc3 Re8 20. e3 Ba6 21. Rfd1 Bb5 22. Nc5 Qe7 23. b3 Rb6 24. Rd2 Nd7 25. Nxd7 Qxd7 26. e4 Qe7 27. exd5 cxd5 28. Bxd5 h5 29. Rd4 Rf6 30. Re4 Qd6 31. Rxe8+ Bxe8 32. Rd1 Qb6 33. Qd4 Bb5 34. Qxb6 Rxb6 35. Rc1 Kf8 36. Rc7 Be8 37. Rxa7 g5 38. Bc4 f5 39. Ra5 Bg6 40. Ra6 Rxa6 41. Bxa6 Ke7 42. f4 g4 43. Kf2 Kd6 44. Ke3 Kc5 45. Bc4 Kb4 46. Kd4 Ka3 47. Kc5 Kxa2 48. b4+ Ka3 49. b5 0-1

[Event "LJ Slovak Open 2022"]
[Site "Liptovsky Jan"]
[Date "2022.06.23"]
[Round "1.19"]
[White "Janouskova, Adela"]
[Black "Vilimek, Vit"]
[Result "0-1"]
[ECO "B22"]
[WhiteElo "1498"]
[BlackElo "1972"]
[Annotator "NA RC"]
[PlyCount "92"]
[EventDate "2022.06.23"]
[EventType "swiss"]
[EventCountry "SVK"]
[SourceTitle "playchess.com"]
[Source "ChessBase"]
[SourceQuality "1"]
[TimeControl "3600+30"]

1. e4 c5 2. c3 Nf6 3. e5 Nd5 4. d4 cxd4 5. cxd4 d6 6. Bc4 e6 7. Nf3 Nc6 8. O-O Be7 9. Nc3 Nxc3 10. bxc3 dxe5 11. dxe5 Qa5 12. Qe1 O-O 13. Bd3 Rd8 14. Qe4 g6 15. Bd2 Qd5 16. Qxd5 Rxd5 17. Be4 Rd8 18. Bf4 Bd7 19. Nd4 Rac8 20. Rab1 Nxd4 21. cxd4 b6 22. Rfc1 Ba3 23. Rd1 Ba4 24. Rd3 Bc2 25. Rxa3 Bxb1 26. Bxb1 Rxd4 27. g3 Rd1+ 28. Kg2 Rxb1 29. Rxa7 h5 30. Be3 Rb8 31. Ra6 b5 32. Ra7 Rb4 33. a3 Re4 34. Bf4 Ra4 35. Rxa4 bxa4 36. Bd2 Rb3 37. Bc1 Rb5 38. f4 Rc5 39. Be3 Rc3 40. Bd4 Rxa3 41. Bc5 Ra2+ 42. Kh3 Rc2 43. Bb4 Rb2 44. Ba3 Rb3 45. Bc1 a3 46. Bb2 axb2 0-1

[Event "LJ Slovak Open 2022"]
[Site "Liptovsky Jan"]
[Date "2022.06.23"]
[Round "1.20"]
[White "Giertli, Vladimir"]
[Black "Bilik, Matej"]
[Result "1-0"]
[ECO "A15"]
[WhiteElo "1988"]
[BlackElo "1553"]
[Annotator "NA RC"]
[PlyCount "183"]
[EventDate "2022.06.23"]
[EventType "swiss"]
[EventCountry "SVK"]
[SourceTitle "playchess.com"]
[Source "ChessBase"]
[SourceQuality "1"]
[TimeControl "3600+30"]

1. Nf3 d5 2. g3 g6 3. Bg2 Bg7 4. c4 Nf6 5. d3 O-O 6. Nbd2 b6 7. Qc2 Bb7 8. b3 Nbd7 9. Bb2 Re8 10. cxd5 Nxd5 11. Bxg7 Kxg7 12. h4 N5f6 13. b4 e5 14. a4 a5 15. b5 Rc8 16. Qb2 Kg8 17. O-O Rb8 18. Rfc1 e4 19. dxe4 Nxe4 20. Nd4 Nxd2 21. Qxd2 Bxg2 22. Kxg2 Nc5 23. e3 Qd5+ 24. Kh2 Rbd8 25. Qc2 Qe4 26. Nc6 Qxc2 27. Rxc2 Rd6 28. Nxa5 bxa5 29. Rxc5 Rd7 30. Rac1 Ree7 31. Kg2 Re4 32. R1c4 Rxc4 33. Rxc4 Kf8 34. Rc6 Ke7 35. Ra6 Rd2 36. Rxa5 Kd6 37. Ra6+ Kd7 38. Ra7 Rb2 39. Kf3 Kd6 40. Ra6+ Kd7 41. Rf6 Ke7 42. Rc6 Kd7 43. Rc4 h6 44. g4 h5 45. gxh5 gxh5 46. Rc5 Rb4 47. Rxh5 Rxa4 48. Kg3 Rc4 49. f4 Re4 50. Kf3 Rb4 51. Rc5 Rb1 52. h5 Rh1 53. Kg4 Re1 54. Kf3 Rh1 55. Rg5 Rh3+ 56. Ke4 f6 57. Rc5 Rh4 58. Kf3 Rh3+ 59. Kf2 Rh1 60. e4 Rh4 61. Kf3 Kd6 62. Rd5+ Ke6 63. Rc5 Kd7 64. e5 f5 65. e6+ Kxe6 66. Rxc7 Rxh5 67. Ke3 Rh3+ 68. Kd4 Rb3 69. Rc6+ Kd7 70. Rc5 Kd6 71. Rxf5 Rb4+ 72. Ke3 Rb3+ 73. Ke4 Rb4+ 74. Kf3 Ke6 75. Rh5 Rb1 76. b6 Rb3+ 77. Kg4 Rb1 78. Rh6+ Kf7 79. Kg5 Rg1+ 80. Kf5 Rb1 81. Rh7+ Kg8 82. Rb7 Rb4 83. Kg6 Kf8 84. f5 Rb1 85. Rb8+ Ke7 86. f6+ Ke6 87. Re8+ Kd7 88. Re7+ Kd8 89. b7 Rg1+ 90. Kf7 Rg7+ 91. Ke6 Rxe7+ 92. fxe7+ 1-0

[Event "LJ Slovak Open 2022"]
[Site "Liptovsky Jan"]
[Date "2022.06.23"]
[Round "1.21"]
[White "Ropovik, Samuel"]
[Black "Bakalar, Jan"]
[Result "0-1"]
[ECO "B41"]
[WhiteElo "1453"]
[BlackElo "1916"]
[Annotator "NA RC"]
[PlyCount "91"]
[EventDate "2022.06.23"]
[EventType "swiss"]
[EventCountry "SVK"]
[SourceTitle "playchess.com"]
[Source "ChessBase"]
[SourceQuality "1"]
[TimeControl "3600+30"]

1. e4 c5 2. Nf3 e6 3. d4 cxd4 4. Nxd4 a6 5. Qf3 Nf6 6. Nc3 Qc7 7. Qg3 Qxg3 8. hxg3 Bb4 9. f3 Nc6 10. Nxc6 bxc6 11. Bd3 d5 12. Bd2 Bd6 13. Bf4 e5 14. Bg5 d4 15. Ne2 Nd7 16. O-O-O f6 17. Bd2 c5 18. c4 a5 19. b3 a4 20. Kb2 Nb8 21. g4 h6 22. g5 fxg5 23. Bxg5 Nc6 24. Bd2 Be6 25. Ng3 Kd7 26. Nh5 Rhg8 27. g4 Be7 28. Ng3 Rgb8 29. Nf5 Bf8 30. f4 Rb7 31. Rh3 Rab8 32. Be2 Nb4 33. fxe5 Nc6 34. Rf1 Ra8 35. Nh4 Nxe5 36. Rc1 Rba7 37. Kc2 axb3+ 38. axb3 Ra2+ 39. Kd1 Nxg4 40. Bxg4 Bxg4+ 41. Rf3 Rb2 42. Ke2 Raa2 43. Rd1 Be7 44. Nf5 Rxb3 45. Ne3 Rxe3+ 46. Kf2 0-1

[Event "LJ Slovak Open 2022"]
[Site "Liptovsky Jan"]
[Date "2022.06.23"]
[Round "1.22"]
[White "Spik, Peter"]
[Black "Szaszak, Lukas"]
[Result "1-0"]
[ECO "D03"]
[WhiteElo "1969"]
[BlackElo "1454"]
[Annotator "NA RC"]
[PlyCount "101"]
[EventDate "2022.06.23"]
[EventType "swiss"]
[EventCountry "SVK"]
[SourceTitle "playchess.com"]
[Source "ChessBase"]
[SourceQuality "1"]
[TimeControl "3600+30"]

1. d4 d5 2. Nf3 Nf6 3. Bg5 Bf5 4. Nbd2 e6 5. e3 a6 6. c4 c5 7. cxd5 Qxd5 8. dxc5 Bxc5 9. Rc1 Nbd7 10. Bc4 Qd6 11. Bf4 e5 12. Bg3 b5 13. Be2 O-O 14. O-O Rfe8 15. a3 Qb6 16. Nb3 Rad8 17. Qe1 Bxe3 18. Rc3 Bf4 19. Nh4 Be6 20. Bf3 g5 21. Rc6 Qa7 22. Qc3 Bxb3 23. Qxb3 Bxg3 24. Nf5 Bxh2+ 25. Kxh2 Rf8 26. Qc2 Qb8 27. Kg1 Kh8 28. Qc1 e4 29. Be2 Qf4 30. Qxf4 gxf4 31. Rxa6 Rb8 32. Rd1 Rfc8 33. Nd6 Rc2 34. Bxb5 Ne5 35. b4 Kg8 36. Re1 Neg4 37. Be2 f3 38. gxf3 exf3 39. Bxf3 Nxf2 40. Re2 Nh3+ 41. Kh2 Rxe2+ 42. Bxe2 Nf4 43. Bf3 Nd7 44. Kg3 Ne6 45. Bd5 Kf8 46. Bxe6 fxe6 47. Ne4 Ke7 48. Ra7 e5 49. Nc5 Rd8 50. Kf3 Kd6 51. Nb7+ 1-0